[Event "Titled Tuesday Blitz February 28 Late 2023"]
[White "Madaminov, Mukhiddin"]
[Black "Paravyan, David"]
[WhiteFideId "14210703"]
[BlackFideId "4194985"]
[WhiteElo "2511"]
[BlackElo "2577"]
[Result "0-1"]
[Round "08"]
[TimeControl "180+2"]
[Date "2023.02.28"]
[WhiteClock "0:00:05"]
[BlackClock "0:00:07"]

1. d4 Nf6 2. Nc3 d5 3. Bf4 g6 4. Qd2 Bg7 5. O-O-O O-O 6. Bh6 Bxh6 7. Qxh6 c5 8. dxc5 Qa5 9. h4 Qxc5 10. e3 Ng4 11. Qf4 e5 12. Qf3 Be6 13. h5 Nc6 14. Rh4 f5 15. hxg6 hxg6 16. Qh3 Nf6 17. Nf3 Kg7 18. Ng5 Qe7 19. Rxd5 Rh8 20. Rd1 Rxh4 21. Qxh4 Bg8 22. Bc4 Nh7 23. Ne6+ Bxe6 24. Qxe7+ Nxe7 25. Bxe6 Nf6 26. Rh1 Rd8 27. Bc4 Ng4 28. Nd1 e4 29. Be2 Ne5 30. f4 exf3 31. gxf3 Nd5 32. a3 a6 33. c4 Rc8 34. b3 b5 35. f4 Nd7 36. Kd2 bxc4 37. Bxc4 N7b6 38. Bxd5 Nxd5 39. Re1 a5 40. Nf2 Rc3 41. e4 fxe4 42. Rxe4 Rxb3 43. Ra4 Nb6 44. Rd4 Rxa3 45. Ng4 Ra4 46. Rd6 Rxf4 47. Ne5 Nc4+ 48. Nxc4 Rxc4 49. Ra6 a4 50. Kd3 Rh4 51. Ke3 Kh6 52. Kf3 Rb4 53. Ra5 g5 54. Ra6+ Kh5 55. Kg3 Rb3+ 56. Kg2 a3 57. Ra4 Rc3 58. Kf2 g4 59. Ra5+ Kh4 60. Kg2 Rc2+ 61. Kg1 a2 0-1


[Site "https://www.chess.com"]

[Event "Titled Tuesday Blitz February 28 Late 2023"]
[White "Baskakov, Egor"]
[Black "Kramnik, Vladimir"]
[WhiteFideId "24197866"]
[BlackFideId "4101588"]
[WhiteElo "2212"]
[BlackElo "2712"]
[Result "1-0"]
[Round "08"]
[TimeControl "180+2"]
[Date "2023.02.28"]
[WhiteClock "0:00:11"]
[BlackClock "0:00:01"]

1. e4 e5 2. Nc3 Nf6 3. g3 d5 4. exd5 Nxd5 5. Bg2 Nf6 6. Nge2 Bc5 7. O-O O-O 8. h3 Re8 9. d3 Nc6 10. Kh2 Bf5 11. Be3 Bb6 12. Qd2 h6 13. Rad1 Qd7 14. Bxb6 axb6 15. f4 e4 16. dxe4 Qxd2 17. Rxd2 Nxe4 18. Nxe4 Bxe4 19. Bxe4 Rxe4 20. a3 Rc4 21. Nc3 Nd4 22. Kg2 Re8 23. Rff2 h5 24. f5 Re5 25. g4 hxg4 26. hxg4 f6 27. Rf4 c5 28. Kg3 Kf7 29. Nb5 Rxc2 30. Rfxd4 cxd4 31. Rxc2 Rxb5 32. b4 Rd5 33. Kf4 d3 34. Rd2 Rd4+ 35. Ke3 Rxg4 36. Kxd3 Rf4 37. Rc2 Rxf5 38. Rc7+ Kg6 39. Rxb7 b5 40. a4 bxa4 41. b5 a3 42. Kc4 Rf2 43. Ra7 Rc2+ 44. Kb3 Rb2+ 45. Kc4 a2 46. Kc5 1-0


[Site "https://www.chess.com"]

[Event "Titled Tuesday Blitz February 28 Late 2023"]
[White "Mendonca, Leon Luke"]
[Black "Svane, Rasmus"]
[WhiteFideId "35028561"]
[BlackFideId "4657101"]
[WhiteElo "2464"]
[BlackElo "2597"]
[Result "1/2-1/2"]
[Round "08"]
[TimeControl "180+2"]
[Date "2023.02.28"]
[WhiteClock "0:00:29"]
[BlackClock "0:00:23"]

1. c4 e6 2. g3 d5 3. Bg2 Nf6 4. Nf3 Be7 5. O-O O-O 6. b3 d4 7. e3 c5 8. exd4 cxd4 9. Re1 Nc6 10. Ne5 Nxe5 11. Rxe5 Bd6 12. Re1 e5 13. d3 Re8 14. Ba3 Rb8 15. Bxd6 Qxd6 16. Qc2 Bf5 17. Nd2 Nd7 18. a3 a5 19. Ne4 Qe7 20. Qd2 Bxe4 21. Bxe4 Nc5 22. Qc2 Nxe4 23. Rxe4 f5 24. Re2 Qd6 25. c5 Qd5 26. Rae1 Rbc8 27. b4 axb4 28. axb4 b6 29. f4 e4 30. dxe4 fxe4 31. Rxe4 Rxe4 32. Qxe4 Qxe4 33. Rxe4 bxc5 34. bxc5 Rxc5 35. Rxd4 Rc2 36. Rd1 Kf7 37. Rf1 Kf6 38. Rf2 Rc3 39. Kg2 h6 40. Re2 Rb3 41. Kf2 Rc3 42. Ra2 Rb3 43. Ra6+ Kf7 44. Ra2 Rc3 45. Re2 Rb3 46. h3 Rc3 47. Re3 Rc4 48. Kf3 Kf6 49. Ra3 Rc6 50. Ra7 Kg6 51. Kg4 Rb6 52. Ra5 Rc6 53. h4 Rb6 54. f5+ Kf6 55. Kh5 Kf7 56. g4 Kg8 57. Ra7 Rb5 58. Re7 Kh7 59. Rf7 Rc5 60. Rd7 Rb5 61. Rf7 Rc5 62. g5 Rxf5 63. Rxf5 g6+ 64. Kg4 gxf5+ 65. Kxf5 hxg5 66. hxg5 Kg7 67. g6 Kg8 68. Kf6 Kf8 69. g7+ Kg8 70. Kg6 1/2-1/2


[Site "https://www.chess.com"]

[Event "Titled Tuesday Blitz February 28 Late 2023"]
[White "Martinez Alcantara, Jose Eduardo"]
[Black "Vasquez Schroeder, Rodrigo"]
[WhiteFideId "3805662"]
[BlackFideId "3400042"]
[WhiteElo "2712"]
[BlackElo "2600"]
[Result "1-0"]
[Round "08"]
[TimeControl "180+2"]
[Date "2023.02.28"]
[WhiteClock "0:00:06"]
[BlackClock "0:00:12"]

1. Nf3 d5 2. g3 g6 3. c4 dxc4 4. Qa4+ Nc6 5. Qxc4 Bg7 6. Bg2 e5 7. d3 Nge7 8. O-O Be6 9. Qa4 h6 10. Nc3 O-O 11. Be3 Nd5 12. Nxd5 Bxd5 13. Rac1 Nd4 14. Nxd4 Bxg2 15. Ne6 fxe6 16. Kxg2 c6 17. f3 Qd7 18. Qb3 Qf7 19. a4 Rfd8 20. Rc4 Rd5 21. Rh4 h5 22. Rc4 a6 23. Qc2 Rad8 24. h3 R8d7 25. g4 Kh7 26. Qc1 Rd8 27. Kh1 Rf8 28. Rg1 Rg8 29. Qe1 Bf6 30. Qg3 Bd8 31. Re4 Bf6 32. Rc4 Be7 33. Rg2 h4 34. Qe1 g5 35. Qc1 Bf6 36. Rg1 Qg6 37. Qc2 Rgd8 38. Kg2 R8d7 39. Rc1 Kg7 40. Ra1 Be7 41. Re4 Bf6 42. Ra3 Qe8 43. Rc3 Qe7 44. Bc5 Qf7 45. Be3 Qe7 46. Qc1 Kg6 47. b4 Qd8 48. Rb3 Be7 49. Qc2 Kg7 50. Bd2 Bf6 51. Bc3 Qc7 52. Bb2 b5 53. Rc3 R7d6 54. axb5 axb5 55. Ra3 Qb7 56. Bc1 Bd8 57. Be3 Rd7 58. Qc3 Qb8 59. Qxc6 R5d6 60. Qc5 Rd5 61. Qc6 R5d6 62. Qc1 Kg6 63. Rxe5 Ra6 64. Rxa6 Qxe5 65. Bf2 Bc7 66. Kf1 Qh2 67. Rxe6+ Kf7 68. Qc6 Qxh3+ 69. Ke1 Bf4 70. Qxd7+ Kg8 71. Re8# 1-0


[Site "https://www.chess.com"]

[Event "Titled Tuesday Blitz February 28 Late 2023"]
[White "Grischuk, Alexander"]
[Black "Rozman, Levy"]
[WhiteFideId "4126025"]
[BlackFideId "2039877"]
[WhiteElo "2727"]
[BlackElo "2376"]
[Result "1-0"]
[Round "08"]
[TimeControl "180+2"]
[Date "2023.02.28"]
[WhiteClock "0:00:40"]
[BlackClock "0:00:01"]

1. e4 e6 2. Nc3 d5 3. d4 dxe4 4. Nxe4 Nf6 5. Nxf6+ gxf6 6. Nf3 Nc6 7. Bc4 b6 8. O-O Bb7 9. Re1 Ne7 10. a4 a6 11. Bf1 Rg8 12. c4 Qd6 13. a5 Nf5 14. axb6 cxb6 15. d5 O-O-O 16. Qc2 Qc7 17. Bd3 Kb8 18. Bxf5 exf5 19. Qd3 Bb4 20. Bd2 Bxd2 21. Nxd2 b5 22. b3 Qf4 23. Re3 Qg5 24. Rg3 Qf4 25. Re1 h5 26. Qe3 Qd6 27. Qe7 Qf4 28. Qe3 Qd6 29. Rf3 Rge8 30. Qxe8 Rxe8 31. Rxe8+ Ka7 32. h3 Qb4 33. Rd3 a5 34. d6 Bc6 35. d7 Bxd7 36. Rxd7+ Kb6 37. Rb8+ Kc5 38. Rxb5+ 1-0


[Site "https://www.chess.com"]

[Event "Titled Tuesday Blitz February 28 Late 2023"]
[White "Bluebaum, Matthias"]
[Black "Golubka, Petro"]
[WhiteFideId "24651516"]
[BlackFideId "14114224"]
[WhiteElo "2638"]
[BlackElo "2404"]
[Result "0-1"]
[Round "08"]
[TimeControl "180+2"]
[Date "2023.02.28"]
[WhiteClock "0:00:56"]
[BlackClock "0:00:09"]

1. d4 d5 2. c4 Nc6 3. Nc3 e5 4. cxd5 Nxd4 5. e3 Nf5 6. Nf3 Bd6 7. e4 Nfe7 8. Be2 Nf6 9. O-O Ng6 10. Nd2 O-O 11. Nc4 Bd7 12. Be3 a6 13. Rc1 b5 14. Nxd6 cxd6 15. a3 Ne8 16. Qd2 f5 17. exf5 Bxf5 18. Na2 Nf6 19. f3 h5 20. Nb4 h4 21. Rc6 a5 22. Na2 Ne7 23. Rb6 Nexd5 24. Rxb5 Nxe3 25. Qxe3 h3 26. g3 Bd7 27. Rb6 d5 28. Rc1 Rb8 29. Rxb8 Qxb8 30. b4 Be6 31. Rc5 d4 32. Qd2 e4 33. Nc1 exf3 34. Bxf3 Nd7 35. Rc6 Ne5 36. Be4 Nxc6 37. Bxc6 axb4 38. axb4 Qe5 39. Qe2 Qxe2 40. Nxe2 d3 41. Nc3 d2 42. Bb5 Rc8 43. Nd1 Rc1 44. Ba4 Bg4 45. Bb3+ Kh8 46. Kf2 Bxd1 47. Bxd1 Rxd1 48. Ke2 Rh1 49. Kxd2 Rxh2+ 50. Ke3 Rb2 51. g4 h2 52. Kf4 g5+ 53. Kxg5 h1=Q 54. b5 Qh2 55. Kg6 Qe5 56. g5 Kg8 57. b6 Qe6+ 58. Kh5 Rh2# 0-1


[Site "https://www.chess.com"]

[Event "Titled Tuesday Blitz February 28 Late 2023"]
[White "Sarana, Alexey"]
[Black "Nasuta, Grzegorz"]
[WhiteFideId "24133795"]
[BlackFideId "1141686"]
[WhiteElo "2717"]
[BlackElo "2449"]
[Result "1/2-1/2"]
[Round "08"]
[TimeControl "180+2"]
[Date "2023.02.28"]
[WhiteClock "0:00:05"]
[BlackClock "0:00:04"]

1. c4 e5 2. Nf3 Nc6 3. g3 Nf6 4. Bg2 d5 5. cxd5 Nxd5 6. O-O Nb6 7. b3 Be6 8. Bb2 f6 9. Qc2 Qd7 10. Rd1 O-O-O 11. d4 Kb8 12. e3 exd4 13. Nxd4 Nxd4 14. Rxd4 Qe8 15. Rxd8+ Qxd8 16. Nc3 c6 17. Rd1 Qc7 18. Qe4 Bf7 19. a4 Bd6 20. a5 Nd5 21. a6 bxa6 22. Nxd5 Bxd5 23. Rxd5 cxd5 24. Qxd5 Kc8 25. Bd4 Kd8 26. Be4 Rf8 27. Bxh7 Ke7 28. Bf5 Rd8 29. Qe6+ Kf8 30. Bd3 Qf7 31. Qh3 Qxb3 32. Be4 Qf7 33. Qh8+ Qg8 34. Qh5 Qf7 35. Qa5 Qc7 36. Qa2 a5 37. h4 Qf7 38. Qxa5 Rd7 39. Qb5 Rd8 40. Bd5 Qd7 41. Qb3 Bxg3 42. Be6 Qd6 43. Bg8 Rd7 44. Be6 Rd8 45. Bg8 Rd7 46. Be6 Rd8 1/2-1/2


[Site "https://www.chess.com"]

[Event "Titled Tuesday Blitz February 28 Late 2023"]
[White "Salimova, Nurgyul"]
[Black "Yoo, Christopher Woojin"]
[WhiteFideId "2915138"]
[BlackFideId "30909694"]
[WhiteElo "2314"]
[BlackElo "2519"]
[Result "0-1"]
[Round "08"]
[TimeControl "180+2"]
[Date "2023.02.28"]
[WhiteClock "0:00:03"]
[BlackClock "0:00:32"]

1. d4 Nf6 2. Nf3 e6 3. Bg5 h6 4. Bh4 d5 5. Nbd2 Be7 6. e3 O-O 7. c3 Nbd7 8. Bd3 c5 9. Qe2 b6 10. e4 dxe4 11. Nxe4 Bb7 12. Nxf6+ Bxf6 13. Bxf6 Qxf6 14. Be4 Bxe4 15. Qxe4 cxd4 16. Qxd4 Qe7 17. O-O Rfd8 18. Rad1 Nc5 19. Qe3 Qb7 20. Ne5 f6 21. b4 Ne4 22. Ng6 e5 23. Nh4 Nd6 24. Qh3 Qc8 25. Qf3 Qe6 26. Rd2 Nc4 27. Rxd8+ Rxd8 28. Nf5 g6 29. Nxh6+ Kg7 30. Ng4 Nd2 31. Qh3 Rh8 32. Qf3 Nxf3+ 0-1


[Site "https://www.chess.com"]

[Event "Titled Tuesday Blitz February 28 Late 2023"]
[White "Svane, Frederik"]
[Black "Oro, Faustino"]
[WhiteFideId "12923044"]
[BlackFideId "20000197"]
[WhiteElo "2502"]
[BlackElo "1984"]
[Result "1-0"]
[Round "08"]
[TimeControl "180+2"]
[Date "2023.02.28"]
[WhiteClock "0:00:50"]
[BlackClock "0:00:01"]

1. b3 Nf6 2. Bb2 e6 3. e3 Be7 4. Nf3 O-O 5. d4 b6 6. Bd3 Bb7 7. O-O c5 8. Nbd2 Nc6 9. a3 Rc8 10. e4 cxd4 11. Nxd4 d5 12. Nxc6 Bxc6 13. e5 Ne4 14. Nf3 Nc5 15. Be2 f6 16. Re1 fxe5 17. Nxe5 Bd6 18. Bg4 Qf6 19. Bd4 Qh6 20. h3 Ne4 21. Rxe4 dxe4 22. Be3 Bxe5 23. Bxh6 Rcd8 24. Qe1 gxh6 25. Bxe6+ Kh8 26. Rd1 e3 27. fxe3 Rde8 28. Bg4 Bg7 29. Rd6 Ba8 30. Rd7 Re5 31. Qc3 Rg5 32. Qb4 h5 33. Rxg7 Kxg7 34. Qe7+ Kg6 35. Qxf8 1-0


[Site "https://www.chess.com"]

[Event "Titled Tuesday Blitz February 28 Late 2023"]
[White "Dardha, Daniel"]
[Black "Costachi, Mihnea"]
[WhiteFideId "240990"]
[BlackFideId "1217518"]
[WhiteElo "2581"]
[BlackElo "2456"]
[Result "0-1"]
[Round "08"]
[TimeControl "180+2"]
[Date "2023.02.28"]
[WhiteClock "0:00:03"]
[BlackClock "0:00:06"]

1. d4 Nf6 2. Bg5 d5 3. e3 e6 4. Nd2 Be7 5. f4 h6 6. Bxf6 Bxf6 7. Ngf3 c5 8. c3 Nc6 9. Bd3 Be7 10. O-O O-O 11. Ne5 f5 12. g4 cxd4 13. exd4 Nxe5 14. fxe5 Bg5 15. gxf5 exf5 16. Nf3 Be3+ 17. Kh1 f4 18. Bc2 Bh3 19. Qd3 Bf5 20. Qe2 Be4 21. Bxe4 dxe4 22. Ne1 Qg5 23. Qc4+ Kh8 24. Qd5 Qg6 25. Ng2 Bd2 26. Rg1 Qc6 27. Qxc6 bxc6 28. Nh4 Kh7 29. Rad1 Be3 30. Rg4 g5 31. Ng2 Bf2 32. Ne1 Kg6 33. Rg2 Bxe1 34. Rxe1 e3 35. Rc2 Kf5 36. Kg2 Ke4 37. Kh3 f3 38. Kg3 h5 39. c4 h4+ 40. Kh3 Rf4 41. Rc3 f2 42. Rcxe3+ Kxd4 43. e6 fxe1=Q 44. Rxe1 Re8 45. e7 Re4 46. Rg1 g4+ 47. Kxh4 R8xe7 48. b3 Rh7+ 49. Kg5 Rxh2 50. Rd1+ Kc3 51. Kf5 Rhe2 52. Rg1 Kb2 53. b4 Rxc4 54. a4 Rxb4 55. a5 Rb5+ 56. Kf4 Rc2 57. Rg3 Rc3 58. Rg2+ Kb3 59. Rg1 Rxa5 60. Rb1+ Kc4 61. Ra1 Rxa1 0-1


[Site "https://www.chess.com"]

[Event "Titled Tuesday Blitz February 28 Late 2023"]
[White "Tan, Zhongyi"]
[Black "Livaic, Leon"]
[WhiteFideId "8603642"]
[BlackFideId "14531534"]
[WhiteElo "2519"]
[BlackElo "2509"]
[Result "0-1"]
[Round "08"]
[TimeControl "180+2"]
[Date "2023.02.28"]
[WhiteClock "0:00:05"]
[BlackClock "0:00:11"]

1. d4 e6 2. c4 d5 3. Nc3 Nf6 4. cxd5 exd5 5. Bg5 Be7 6. e3 O-O 7. Bd3 Re8 8. Nge2 h6 9. Bh4 c6 10. Qc2 a5 11. O-O Na6 12. a3 Nc7 13. Rad1 Ne6 14. f3 b5 15. Bf2 Bb7 16. a4 b4 17. Nb1 c5 18. Bb5 Rf8 19. dxc5 Bxc5 20. Nd2 Qb6 21. Qd3 Ba6 22. Bxa6 Rxa6 23. Nb3 Ra7 24. Ned4 Bxd4 25. Nxd4 Nxd4 26. exd4 Rc7 27. Bg3 Rc4 28. Rfe1 Rfc8 29. Re2 Nh5 30. Rde1 Qxd4+ 31. Qxd4 Rxd4 32. Re8+ Rxe8 33. Rxe8+ Kh7 34. Bc7 b3 35. Bxa5 Rxa4 36. Bd2 Rd4 37. Bc3 Rd1+ 38. Kf2 d4 39. Rd8 dxc3 40. Rxd1 c2 41. Ra1 Nf4 42. Ke3 Nxg2+ 43. Kd2 Nf4 44. Kc3 Ne2+ 45. Kd2 c1=Q+ 46. Rxc1 Nxc1 47. Kxc1 g5 48. Kd2 f5 49. Kc3 g4 50. fxg4 fxg4 51. Kxb3 h5 52. Kc3 h4 53. b4 g3 54. hxg3 hxg3 55. b5 g2 56. b6 g1=Q 0-1


[Site "https://www.chess.com"]

[Event "Titled Tuesday Blitz February 28 Late 2023"]
[White "Mirzoev, Azer"]
[Black "Kravtsiv, Martyn"]
[WhiteFideId "13400304"]
[BlackFideId "14113147"]
[WhiteElo "2525"]
[BlackElo "2695"]
[Result "1-0"]
[Round "08"]
[TimeControl "180+2"]
[Date "2023.02.28"]
[WhiteClock "0:01:16"]
[BlackClock "0:00:47"]

1. d4 d5 2. Nf3 Nf6 3. Bf4 c5 4. c3 Nc6 5. e3 e6 6. Nbd2 Bd6 7. Bg3 O-O 8. Bd3 g6 9. O-O b6 10. Ne5 Bb7 11. f4 Ne7 12. Bf2 Qc7 13. Qf3 Ne8 14. Qh3 f5 15. Bh4 Nf6 16. Rae1 a5 17. Ndf3 Ba6 18. Bxa6 Rxa6 19. Bxf6 Rxf6 20. Ng5 h5 21. Qg3 a4 22. a3 c4 23. Ngf3 Kg7 24. h3 Ra5 25. Qh4 Rb5 26. Re2 Ng8 27. g4 fxg4 28. hxg4 hxg4 29. Nxg4 Rf5 30. Ng5 Qe7 31. Qh7+ Kf8 32. Qxg6 Nf6 33. Nh6 1-0


[Site "https://www.chess.com"]

[Event "Titled Tuesday Blitz February 28 Late 2023"]
[White "Hansen, Eric"]
[Black "Wieczorek, Oskar"]
[WhiteFideId "2606771"]
[BlackFideId "1133950"]
[WhiteElo "2569"]
[BlackElo "2418"]
[Result "1-0"]
[Round "08"]
[TimeControl "180+2"]
[Date "2023.02.28"]
[WhiteClock "0:00:10"]
[BlackClock "0:00:03"]

1. e4 c5 2. Nf3 e6 3. d4 cxd4 4. Nxd4 Nf6 5. Nc3 d6 6. g4 e5 7. Bb5+ Bd7 8. Bxd7+ Qxd7 9. Nf5 h5 10. g5 Nxe4 11. Nxg7+ Bxg7 12. Nxe4 d5 13. Ng3 h4 14. Nh5 Kf8 15. f4 Nc6 16. O-O Qh3 17. c3 Rd8 18. f5 Kg8 19. Qe2 d4 20. Bd2 d3 21. Qd1 e4 22. f6 Bf8 23. Nf4 Qd7 24. Kh1 Bc5 25. g6 e3 26. gxf7+ Kxf7 27. Qb3+ Kxf6 28. Ne6+ Ke5 29. Nxc5 Qd5+ 30. Qxd5+ Rxd5 31. Bxe3 d2 32. Rad1 Rhd8 33. Nb3 Rd3 34. Bg5 Ke4 35. Nc5+ 1-0


[Site "https://www.chess.com"]

[Event "Titled Tuesday Blitz February 28 Late 2023"]
[White "Perez Ponsa, Federico"]
[Black "Siddharth, Jagadeesh"]
[WhiteFideId "117927"]
[BlackFideId "5818320"]
[WhiteElo "2592"]
[BlackElo "2303"]
[Result "1-0"]
[Round "08"]
[TimeControl "180+2"]
[Date "2023.02.28"]
[WhiteClock "0:01:24"]
[BlackClock "0:00:15"]

1. e4 c5 2. Nf3 d6 3. d4 cxd4 4. Nxd4 Nf6 5. Nc3 Nc6 6. Bg5 e6 7. Qd2 a6 8. Nxc6 bxc6 9. O-O-O Be7 10. Bxf6 gxf6 11. Bc4 d5 12. exd5 cxd5 13. Nxd5 exd5 14. Bxd5 Be6 15. Bc6+ Kf8 16. Qh6+ Kg8 17. Rxd8+ Rxd8 18. Rd1 Rxd1+ 19. Kxd1 Bf5 20. Bd5 Bg6 21. h4 Bf8 22. Qf4 Kg7 23. g4 h5 24. g5 Be7 25. Qc7 Bd8 26. Qc3 Be7 27. Qd4 Rd8 28. c4 Rd6 29. f4 Kh7 30. b4 fxg5 31. fxg5 f6 32. Qe3 Bf8 33. a4 fxg5 34. Qxg5 Rd7 35. b5 axb5 36. axb5 Bh6 37. Qe5 Bg7 38. Qb8 Bf5 39. b6 Bg4+ 40. Kc2 Bf5+ 41. Kb3 Re7 42. b7 Re3+ 43. Kb4 Re1 44. Qg8+ Kh6 45. b8=Q Bc8 46. Qf4+ Kg6 47. Bf7# 1-0


[Site "https://www.chess.com"]

[Event "Titled Tuesday Blitz February 28 Late 2023"]
[White "Fus, Jakub"]
[Black "Ibarra Jerez, Jose Carlos"]
[WhiteFideId "1193023"]
[BlackFideId "2226332"]
[WhiteElo "2335"]
[BlackElo "2638"]
[Result "0-1"]
[Round "08"]
[TimeControl "180+2"]
[Date "2023.02.28"]
[WhiteClock "0:01:25"]
[BlackClock "0:00:41"]

1. e4 c5 2. Nf3 e6 3. c3 Nf6 4. e5 Nd5 5. d4 cxd4 6. cxd4 d6 7. Bc4 Be7 8. O-O O-O 9. Qe2 Nc6 10. Rd1 Na5 11. Bd3 Nb4 12. Nc3 Nxd3 13. Rxd3 d5 14. Ne1 f6 15. Rh3 Qe8 16. Nd3 Nc6 17. Be3 b6 18. Qd2 Qf7 19. f4 Ba6 20. exf6 Bxf6 21. Nf2 h5 22. Rf3 Qg6 23. Nh3 Rac8 24. Rd1 Ne7 25. Rg3 Qh7 26. Ng5 Bxg5 27. Rxg5 Nf5 28. Bf2 Rf6 29. Re1 Rcf8 30. Qd1 g6 31. Qf3 Qf7 32. Qxh5 Ng7 33. Qh6 Rxf4 34. Nd1 Rxf2 35. h3 Rf1+ 36. Rxf1 Qxf1+ 37. Kh2 Qf4+ 38. Kh1 Rf5 0-1


[Site "https://www.chess.com"]

[Event "Titled Tuesday Blitz February 28 Late 2023"]
[White "Bernadskiy, Vitaliy"]
[Black "Gunduz, Umut Erdem"]
[WhiteFideId "14100371"]
[BlackFideId "6381383"]
[WhiteElo "2488"]
[BlackElo "2182"]
[Result "1-0"]
[Round "08"]
[TimeControl "180+2"]
[Date "2023.02.28"]
[WhiteClock "0:01:03"]
[BlackClock "0:00:14"]

1. e4 e5 2. Nf3 Nc6 3. Bb5 a6 4. Ba4 Nf6 5. O-O Be7 6. Re1 b5 7. Bb3 O-O 8. c3 d6 9. h3 Nb8 10. d4 Nbd7 11. c4 bxc4 12. Bxc4 Bb7 13. Nc3 exd4 14. Nxd4 Nc5 15. Nf5 Ncxe4 16. Nd5 Bxd5 17. Bxd5 Nxd5 18. Qxd5 Nf6 19. Qc6 Re8 20. Nxe7+ Kf8 21. Bg5 Rxe7 22. Rxe7 Kxe7 23. Re1+ Kf8 24. Bxf6 gxf6 25. Qc1 Rb8 26. Qh6+ Kg8 27. Re3 Rb5 28. h4 Kh8 29. Rg3 1-0


[Site "https://www.chess.com"]

[Event "Titled Tuesday Blitz February 28 Late 2023"]
[White "Vlassov, Nikolai"]
[Black "Moroni, Luca Jr"]
[WhiteFideId "4103360"]
[BlackFideId "865834"]
[WhiteElo "2324"]
[BlackElo "2569"]
[Result "0-1"]
[Round "08"]
[TimeControl "180+2"]
[Date "2023.02.28"]
[WhiteClock "0:00:14"]
[BlackClock "0:00:18"]

1. e4 d6 2. f4 g6 3. Nc3 Bg7 4. Nf3 c5 5. d3 Nc6 6. h3 e6 7. g4 Nge7 8. Bg2 Rb8 9. O-O b5 10. Ne2 f5 11. c3 O-O 12. Be3 b4 13. gxf5 gxf5 14. Kh2 bxc3 15. bxc3 Ng6 16. Rb1 Rxb1 17. Qxb1 e5 18. Qb3+ Kh8 19. exf5 Bxf5 20. Ng5 Bxd3 21. Nf7+ Rxf7 22. Qxf7 exf4 23. Bxc6 fxe3 24. Re1 Ne5 25. Qb7 Nxc6 26. Qxc6 Be5+ 27. Kh1 Qf8 28. Qg2 Qf2 29. Rg1 Be4 0-1


[Site "https://www.chess.com"]

[Event "Titled Tuesday Blitz February 28 Late 2023"]
[White "Plenca, Jadranko"]
[Black "Gokerkan, Cem Kaan"]
[WhiteFideId "14527146"]
[BlackFideId "6336760"]
[WhiteElo "2491"]
[BlackElo "2365"]
[Result "0-1"]
[Round "08"]
[TimeControl "180+2"]
[Date "2023.02.28"]
[WhiteClock "0:00:57"]
[BlackClock "0:00:03"]

1. e4 e5 2. Nf3 Nf6 3. Nxe5 d5 4. d4 Nxe4 5. Bd3 Nd7 6. O-O Bd6 7. Nf3 O-O 8. c4 c6 9. Nc3 Ndf6 10. cxd5 Nxc3 11. bxc3 Nxd5 12. c4 Nf4 13. Bxf4 Bxf4 14. h3 Re8 15. Qc2 g6 16. Rab1 b6 17. Be4 Qc7 18. Rfe1 Bb7 19. c5 Rad8 20. a4 Re6 21. Bd3 Rxe1+ 22. Rxe1 bxc5 23. Qxc5 Bd6 24. Qc4 c5 25. Ng5 cxd4 26. Qxc7 Bxc7 27. Re7 Rc8 28. Nxf7 Kf8 29. Rd7 Bc6 30. Ne5 Bxd7 31. Nxd7+ Ke7 32. Nc5 Bb6 33. Ne4 Rc1+ 34. Kh2 Bc7+ 35. g3 Ra1 36. Bb5 d3 37. Kg2 Ba5 38. Bxd3 Rxa4 39. Ng5 h6 40. Nf3 g5 41. Nh2 Bb6 42. Ng4 Ra2 43. Kf3 h5 44. Ne5 Rxf2+ 45. Ke4 a5 46. Nf3 Kf6 47. Bb5 Rb2 48. Bd7 a4 49. Kd3 Rb3+ 50. Ke2 Re3+ 0-1


[Site "https://www.chess.com"]

[Event "Titled Tuesday Blitz February 28 Late 2023"]
[White "Sebag, Marie"]
[Black "Holt, Conrad"]
[WhiteFideId "617822"]
[BlackFideId "2034387"]
[WhiteElo "2440"]
[BlackElo "2592"]
[Result "1/2-1/2"]
[Round "08"]
[TimeControl "180+2"]
[Date "2023.02.28"]
[WhiteClock "0:00:04"]
[BlackClock "0:00:13"]

1. e4 e6 2. d4 d5 3. Nd2 c5 4. Ngf3 cxd4 5. Nxd4 Nf6 6. exd5 Nxd5 7. N2f3 Bb4+ 8. Bd2 O-O 9. Be2 Re8 10. O-O e5 11. Nb3 e4 12. Nfd4 Bf8 13. c4 Nb4 14. Bc3 Bd7 15. a3 N4c6 16. Rc1 Qg5 17. Nxc6 Bh3 18. g3 Bxf1 19. Bxf1 Nxc6 20. Bg2 Rad8 21. Qe2 e3 22. f4 Qf5 23. Re1 Qd3 24. Qxd3 Rxd3 25. Bd5 Bxa3 26. Nc1 Rxc3 27. bxc3 Na5 28. Nd3 Bd6 29. Kg2 b6 30. Ne5 Bxe5 31. Rxe3 Kf8 32. fxe5 Ke7 33. Rf3 Rf8 34. Rf1 Nb3 35. Rf2 Nc5 36. Ra2 a5 37. Rb2 Nd7 38. Kf2 Rc8 39. Re2 a4 40. Ra2 Nc5 41. Ke3 f6 42. exf6+ Kxf6 43. Kd4 Re8 44. Rf2+ Kg5 45. Rf7 Kh6 46. Ra7 Re1 47. Ra8 Re2 48. Rb8 Rb2 49. Ke5 a3 50. Kd6 a2 51. Ra8 Nb3 52. c5 bxc5 53. Bxb3 Rxb3 54. Rxa2 Rxc3 55. Kd5 Kg5 56. Rf2 g6 57. Rf4 h6 58. Rh4 h5 59. Ke5 Rc1 60. Ke4 Rc2 61. Kf3 c4 62. Rd4 Rxh2 63. Rxc4 Rd2 64. Rc5+ Kf6 65. Rc6+ Kf5 66. Rc5+ Ke6 67. Rc6+ Rd6 68. Rc5 Kf6 69. Ra5 Rd3+ 70. Kg2 Rd4 71. Ra6+ Kf5 72. Kh3 Rd2 73. Ra5+ Kf6 74. Ra6+ Kg5 75. Ra5+ Kh6 76. Ra6 Rd3 77. Rb6 Rd2 78. Ra6 Rd4 79. Rb6 Rd5 80. Ra6 Kg5 81. Ra4 Rb5 82. Rc4 Kf6 83. Rc6+ Kf5 84. Rc1 Rd5 85. Rf1+ Kg5 86. Re1 Rd2 87. Re5+ Kf6 88. Ra5 g5 89. Ra6+ Kf5 90. Ra5+ Kf6 91. Ra6+ Kf7 92. Ra5 g4+ 93. Kh4 Rh2+ 94. Kg5 Rh3 95. Kf4 Ke6 96. Ra6+ Kd5 97. Ra5+ Kd4 98. Ra8 Kd3 99. Re8 Kd2 100. Re7 Rh2 101. Kg5 Kd3 102. Re8 Rh3 103. Kf4 Kd2 104. Re7 Rh1 105. Kg5 Rg1 106. Kxh5 Rxg3 107. Re4 Rg2 108. Rxg4 Rxg4 109. Kxg4 1/2-1/2


[Site "https://www.chess.com"]

[Event "Titled Tuesday Blitz February 28 Late 2023"]
[White "Fier, Alexandr"]
[Black "Saveliev, Alexei"]
[WhiteFideId "2107139"]
[BlackFideId "24128546"]
[WhiteElo "2610"]
[BlackElo "2271"]
[Result "1-0"]
[Round "08"]
[TimeControl "180+2"]
[Date "2023.02.28"]
[WhiteClock "0:01:02"]
[BlackClock "0:00:46"]

1. d4 g6 2. h4 h5 3. e4 Bg7 4. Nc3 d6 5. Be3 Nc6 6. Qd2 e5 7. d5 Nce7 8. f3 f5 9. Bg5 Nf6 10. Bd3 c5 11. dxc6 bxc6 12. O-O-O Be6 13. Nh3 O-O 14. Rhe1 Qc7 15. Bf1 Rad8 16. Kb1 fxe4 17. Nxe4 Nf5 18. Nxf6+ Bxf6 19. Bxf6 Rxf6 20. Ng5 Kg7 21. Nxe6+ Rxe6 22. g4 Nd4 23. Bg2 hxg4 24. fxg4 Rf8 25. h5 Ref6 26. Qg5 Qf7 27. Be4 Ne6 28. Qd2 gxh5 29. Qxd6 Qc7 30. Qxc7+ Nxc7 31. gxh5 Kh6 32. Bg6 Re6 33. Rd7 Nd5 34. Rg1 Re7 35. Rd6 Rf6 36. Rd8 Nf4 37. Be4 Rh7 38. Bxh7 Kxh7 39. Re8 Rf5 40. h6 Ng6 41. Re6 Nf8 42. Rxc6 e4 43. a3 Re5 44. Rc7+ Kxh6 45. Rf7 Ne6 46. Rf6+ Kh5 47. Rf2 1-0


[Site "https://www.chess.com"]

[Event "Titled Tuesday Blitz February 28 Late 2023"]
[White "Pakleza, Zbigniew"]
[Black "Leschinsky, Gary"]
[WhiteFideId "1119290"]
[BlackFideId "30951321"]
[WhiteElo "2410"]
[BlackElo "1855"]
[Result "0-1"]
[Round "08"]
[TimeControl "180+2"]
[Date "2023.02.28"]
[WhiteClock "0:00:23"]
[BlackClock "0:00:53"]

1. d4 Nf6 2. Nf3 d5 3. Bf4 c5 4. c3 Nc6 5. Nbd2 cxd4 6. cxd4 a6 7. e3 Bg4 8. Bd3 e6 9. h3 Bh5 10. Rc1 Bd6 11. Bxd6 Qxd6 12. Qb3 b5 13. Bxb5 axb5 14. Qxb5 O-O 15. Rxc6 Qd7 16. Ne5 Qa7 17. a3 Rfb8 18. Qc5 Qxc5 19. dxc5 Rxb2 20. Rb6 Rc2 21. c6 Rc1# 0-1


[Site "https://www.chess.com"]